 Dungeon Crawl Stone Soup version 0.14-a0-2340-g8df0fbc (webtiles) character file.

368 Herrn the Skirmisher (level 5, -1/43 HPs)
             Began as a Djinni Fighter on Jan 30, 2014.
             Slain by Herrn's ghost (14 damage)
             ... on Level 4 of the Dungeon.
             The game lasted 00:08:51 (2550 turns).

Herrn the Skirmisher (Djinni Fighter)               Turns: 2550, Time: 00:08:51

HP  -1/43        AC  6     Str 16      XL: 5   Next: 59%
MP   0/0         EV  6     Int  9      God:
Gold 155         SH 18     Dex 13      Spells:  0 memorised,  4 levels left

rFire  + + +     SeeInvis .     p - +0,+3 orc flail
rCold  x . .     Clarity  .     b - +0 scale mail
rNeg   + + +     Conserve .     c - +0 shield
rPois  .         rCorr    .     (no helmet)
rElec  .         rRot     .     (no cloak)
SustAb . .       Spirit   .     (no gloves)
rMut   .         Warding  .     (boots unavailable)
Saprov . . .     Stasis   .     (no amulet)
MR     .....                    (no ring)
                                (no ring)

@: flying, not resistant to hostile enchantments, extremely unstealthy
A: fire immunity, cold vulnerability, life protection 3
a: no special abilities


You were on level 4 of the Dungeon.
You were not hungry.

You visited 1 branch of the dungeon, and saw 4 of its levels.

You collected 155 gold pieces.

Inventory:

Hand weapons
 a - a +0,+0 mace
 m - a +0,+1 orcish whip
 p - a +0,+3 orcish flail (weapon)
Armour
 b - a +0 scale mail (worn)
 c - a +0 shield (worn)
Magical devices
 v - a wand of draining (2)
Scrolls
 d - 2 scrolls of magic mapping {unknown}
 g - a scroll of immolation {unknown}
 i - a scroll of blinking
 j - a scroll of teleportation
 n - a scroll of identify
 u - 2 scrolls of random uselessness {unknown}
 w - 2 scrolls of fog {unknown}
Jewellery
 k - an uncursed amulet of guardian spirit {unknown}
Potions
 e - a potion of magic {unknown}
 f - 2 potions of paralysis {unknown}
 h - a potion of flight {unknown}
 l - a potion of heal wounds {unknown}
 o - 2 potions of might {unknown}
 q - a potion of restore abilities {unknown}
 r - a potion of degeneration {unknown}
 s - 8 potions of curing {unknown}
 t - a potion of agility {unknown}
 x - a potion of speed {unknown}


   Skills:
 * Level 4.9 Fighting
 + Level 3.8 Maces & Flails
 - Level 3.2 Armour
 - Level 3.0 Shields


You had 4 spell levels left.
You didn't know any spells.

Dungeon Overview and Level Annotations

Branches:
Dungeon (4/16)
 Temple: D:4-7

Altars:
Cheibriados

Annotations:
D:4 Eustachio; Herrn's ghost, experienced DjFi


Innate Abilities, Weirdness & Mutations

You are immune to all types of fire, even holy and hellish.
You are vulnerable to cold.
You need no food.
You have no legs.
You are immune to negative energy.


Message History

Herrn's ghost hits you.
You hit Herrn's ghost but do no damage.
Herrn's ghost is moderately damaged.
Eustachio casts a spell.
Herrn's ghost hits you.
You hit Herrn's ghost.
Herrn's ghost is moderately damaged.
Herrn's ghost hits you.
Herrn's ghost whispers, "Everlasting silence awaits you..."
You block Herrn's ghost's attack.
You hit Herrn's ghost but do no damage.
Herrn's ghost is moderately damaged.
Herrn's ghost hits you.
You hit Herrn's ghost but do no damage.
Herrn's ghost is moderately damaged.
Herrn's ghost hits you!
You hit Herrn's ghost but do no damage.
Herrn's ghost is moderately damaged.
Herrn's ghost hits you!
You die...

... #........
#........#
#........ [......
#..r.r #.bz5 #.#p#.
. #.#@#.#.#
#.#.#.#.#
#####.#.#.#.#
#.....#.#.#.#
#.......#.#.##
#..######..>.##
#..# ##.....####.
#..# ##......(....#
#..####.......#####


You could see a quasit, Herrn's ghost, a green rat, a bat, a rat and a giant
frog skeleton.

Vanquished Creatures
  A hound (D:4)
  2 orc wizards (D:4)
  5 adders
  A giant mite (D:3)
  2 worms
  5 orcs
  8 bats
  3 giant cockroaches
  5 goblins
  5 hobgoblins
  4 jackals (D:3)
  11 kobolds
  2 quokkas (D:3)
  11 giant newts
  An orc skeleton (D:4)
  8 rats
74 creatures vanquished.

Notes
Turn   | Place    | Note
--------------------------------------------------------------
     0 | D:1      | Herrn, the Djinni Fighter, began the quest for the Orb.
     0 | D:1      | Reached XP level 1. HP: 16/16 MP: 0/0
   226 | D:1      | Reached XP level 2. EP: 18/23
   669 | D:2      | Reached XP level 3. EP: 29/29
  1133 | D:2      | Reached skill level 4 in Fighting
  1185 | D:2      | Reached XP level 4. EP: 37/37
  2088 | D:4      | Reached XP level 5. EP: 38/43
  2384 | D:4      | Found a snail-covered altar of Cheibriados.
  2537 | D:4      | Noticed Herrn's ghost (experienced DjFi)
  2542 | D:4      | Noticed Eustachio
  2550 | D:4      | Slain by Herrn's ghost

Action                   |  1- 3 |  4- 6 || total
-------------------------+-------+-------++-------
Melee: Mace              |    94 |       ||    94
       Flail             |    39 |   105 ||   144
Evoke: Wand              |       |     1 ||     1
  Use: Scroll            |       |     7 ||     7
